CCBL
YARMOUTH-DENNIS RED SOX @ HARWICH MARINERS
03/02/2060
 
TOP OF THE 1ST
Yarmouth-Dennis Red Sox batting - Pitching for Harwich Mariners : LHP Chris Clary
Pitching: LHP Chris Clary
Batting: RHB David Saur 0-0: Foul Ball, location: 2F
0-1: Bunt for hit to 5S - play at first, batter OUT! 5-3
Batting: LHB Devin Chapman 0-0: Ball
1-0: DOUBLE (Line Drive, 7LS, EV 105.6 MPH)
Batting: LHB Alex Cain 0-0: Ball
1-0: Foul Ball, location: 2F
1-1: Fly out, F4 (Line Drive, 4, EV 66.9 MPH)
Lined into DP, 4-6 (Line Drive, 4, EV 67.5 MPH)
Top of the 1st over - 0 runs, 1 hit, 0 errors, 0 left on base; Yarmouth-Dennis 0 - Harwich 0
BOTTOM OF THE 1ST
Harwich Mariners batting - Pitching for Yarmouth-Dennis Red Sox : RHP Peter Swoffer
Pitching: RHP Peter Swoffer
Batting: LHB Charlie Loos 0-0: Ball
1-0: Ball
2-0: Ball
3-0: Base on Balls
Batting: SHB Jesse Wayland 0-0: Called Strike
Charlie Loos steals 2nd base (no throw)
0-1: Ball
1-1: Ball
2-1: Ground out 5-3 (Groundball, 56, EV 80.6 MPH)
Batting: LHB Alec Nelson 0-0: Called Strike
0-1: Foul Ball, location: 2F
0-2: Strikes out swinging
Batting: RHB Terry Rowland 0-0: Called Strike
0-1: Ball
1-1: Ball
2-1: Foul Ball, location: 2F
2-2: Foul Ball, location: 2F
2-2: Ball
3-2: Foul Ball, location: 2F
3-2: Base on Balls
Batting: RHB Holden Vaughn 0-0: Ground out 2-3 (Groundball, 15S, EV 65.6 MPH)
Bottom of the 1st over - 0 runs, 0 hits, 0 errors, 2 left on base; Yarmouth-Dennis 0 - Harwich 0
TOP OF THE 2ND
Yarmouth-Dennis Red Sox batting - Pitching for Harwich Mariners : LHP Chris Clary
Batting: LHB Montell Johnson 0-0: Ball
1-0: Ball
2-0: Foul Ball, location: 2F
2-1: Called Strike
2-2: Fly out, F7 (Flyball, 7, EV 79.4 MPH)
Batting: RHB Riley Wagoner 0-0: Ground out 6-3 (Groundball, 6D, EV 88.1 MPH)
Batting: LHB Sebastian Rogan 0-0: Ball
1-0: Ball
2-0: Ball
3-0: Fly out, F7 (Line Drive, 7, EV 85.6 MPH)
Top of the 2nd over - 0 runs, 0 hits, 0 errors, 0 left on base; Yarmouth-Dennis 0 - Harwich 0
BOTTOM OF THE 2ND
Harwich Mariners batting - Pitching for Yarmouth-Dennis Red Sox : RHP Peter Swoffer
Batting: LHB Logan Morgan 0-0: Swinging Strike
0-1: Ball
1-1: Fly out, F8 (Flyball, 8LM, EV 97.5 MPH)
Batting: RHB R.J. Kroll 0-0: Ball
1-0: Called Strike
1-1: Ball
2-1: Swinging Strike
2-2: Foul Ball, location: 2F
2-2: Ball
3-2: Base on Balls
Batting: RHB Maxwell Lee 0-0: Called Strike
0-1: Ball
1-1: Ball
2-1: Called Strike
2-2: Strikes out swinging
Batting: RHB Austin Sarpong 0-0: Called Strike
0-1: Foul Ball, location: 2F
0-2: SINGLE (Groundball, 56D, EV 103.1 MPH)
R.J. Kroll to second
Batting: LHB Charlie Loos 0-0: Called Strike
0-1: Ball
1-1: Ball
2-1: Ground out 4-3 (Groundball, 4, EV 83.8 MPH)
Bottom of the 2nd over - 0 runs, 1 hit, 0 errors, 2 left on base; Yarmouth-Dennis 0 - Harwich 0
TOP OF THE 3RD
Yarmouth-Dennis Red Sox batting - Pitching for Harwich Mariners : LHP Chris Clary
Batting: RHB Lon McQuagge 0-0: Ball
1-0: Ball
2-0: Called Strike
2-1: Ball
3-1: Called Strike
3-2: SINGLE (Line Drive, 8RS, EV 105.6 MPH)
Batting: RHB Lucas Plouffe 0-0: Ball
1-0: Ground out 5-3 (Groundball, 5S, EV 72.5 MPH)
Lon McQuagge to second
Batting: RHB Rob Stylianou 0-0: Foul Ball, location: 2F
0-1: Foul Ball, location: 2F
0-2: Ball
1-2: Ball
2-2: Ball
3-2: Fly out, F8 (Flyball, 78D, EV 103.1 MPH)
Batting: RHB David Saur 0-0: Foul Ball, location: 2F
0-1: Fly out, F3 (Popup, 23F, EV 80.0 MPH)
Top of the 3rd over - 0 runs, 1 hit, 0 errors, 1 left on base; Yarmouth-Dennis 0 - Harwich 0
BOTTOM OF THE 3RD
Harwich Mariners batting - Pitching for Yarmouth-Dennis Red Sox : RHP Peter Swoffer
Batting: SHB Jesse Wayland 0-0: Ball
1-0: Ball
2-0: Ball
3-0: Called Strike
3-1: Called Strike
3-2: Fly out, F8 (Line Drive, 8LD, EV 91.9 MPH)
Batting: LHB Alec Nelson 0-0: Fly out, F8 (Flyball, 8RXD, EV 93.1 MPH)
Batting: RHB Terry Rowland 0-0: Called Strike
0-1: Ball
1-1: DOUBLE (Line Drive, 7LS, EV 107.5 MPH)
Batting: RHB Holden Vaughn 0-0: Called Strike
0-1: Called Strike
0-2: Foul Ball, location: 2F
0-2: Ball
1-2: Ball
2-2: Ground out 6-3 (Groundball, 6, EV 85.6 MPH)
Bottom of the 3rd over - 0 runs, 1 hit, 0 errors, 1 left on base; Yarmouth-Dennis 0 - Harwich 0
TOP OF THE 4TH
Yarmouth-Dennis Red Sox batting - Pitching for Harwich Mariners : LHP Chris Clary
Batting: LHB Devin Chapman 0-0: SINGLE (Flyball, 78S, EV 95.6 MPH)
Batting: LHB Alex Cain 0-0: Ball
1-0: Ball
2-0: Ball
3-0: Called Strike
3-1: Fly out, F8 (Flyball, 8LXD, EV 93.8 MPH)
Batting: LHB Montell Johnson 0-0: Ball
1-0: Ball
2-0: Swinging Strike
2-1: Called Strike
2-2: Fly out, F9 (Flyball, 9, EV 91.2 MPH)
Batting: RHB Riley Wagoner 0-0: Ball
1-0: Swinging Strike
1-1: Foul Ball, location: 2F
1-2: Foul Ball, location: 2F
1-2: Strikes out swinging
Top of the 4th over - 0 runs, 1 hit, 0 errors, 1 left on base; Yarmouth-Dennis 0 - Harwich 0
BOTTOM OF THE 4TH
Harwich Mariners batting - Pitching for Yarmouth-Dennis Red Sox : RHP Peter Swoffer
Batting: LHB Logan Morgan 0-0: Ball
1-0: Fly out, F9 (Flyball, 9S, EV 75.6 MPH)
Batting: RHB R.J. Kroll 0-0: Ball
1-0: Fly out, F9 (Line Drive, 9LM, EV 91.9 MPH)
Batting: RHB Maxwell Lee 0-0: Swinging Strike
0-1: Foul Ball, location: 2F
0-2: Strikes out swinging
Bottom of the 4th over - 0 runs, 0 hits, 0 errors, 0 left on base; Yarmouth-Dennis 0 - Harwich 0
TOP OF THE 5TH
Yarmouth-Dennis Red Sox batting - Pitching for Harwich Mariners : LHP Chris Clary
Batting: LHB Sebastian Rogan 0-0: Ball
1-0: Foul Ball, location: 2F
1-1: Called Strike
1-2: Strikes out swinging
Batting: RHB Lon McQuagge 0-0: Ball
1-0: Reached on error, E1 (Groundball, 13S, EV 69.4 MPH)
Batting: RHB Lucas Plouffe 0-0: Called Strike
0-1: SINGLE (Line Drive, 78S, EV 101.2 MPH)
Lon McQuagge to third
Batting: RHB Rob Stylianou 0-0: Ball
1-0: Ball
2-0: Ball
3-0: Called Strike
3-1: Grounds into double play, 4-6-3 (Groundball, 4, EV 99.4 MPH)
Top of the 5th over - 0 runs, 1 hit, 1 error, 1 left on base; Yarmouth-Dennis 0 - Harwich 0
BOTTOM OF THE 5TH
Harwich Mariners batting - Pitching for Yarmouth-Dennis Red Sox : RHP Peter Swoffer
Batting: RHB Austin Sarpong 0-0: Ball
1-0: Foul Ball, location: 2F
1-1: Ball
2-1: Ball
3-1: Swinging Strike
3-2: Foul Ball, location: 2F
3-2: SINGLE (Line Drive, 9S, EV 103.1 MPH)
Batting: LHB Charlie Loos 0-0: Fly out, F8 (Line Drive, 8RS, EV 98.8 MPH)
Batting: SHB Jesse Wayland 0-0: Ball
1-0: Ball
2-0: Foul Ball, location: 2F
2-1: Foul Ball, location: 2F
2-2: Foul Ball, location: 2F
2-2: Ball
3-2: Grounds out, U3 (Groundball, 3L, EV 101.2 MPH)
Batting: LHB Alec Nelson 0-0: 2-RUN HOME RUN (Flyball, 7D, EV 98.1 MPH), Distance : 390 ft
Batting: RHB Terry Rowland 0-0: Called Strike
0-1: Ball
1-1: Fly out, F4 (Line Drive, 4M, EV 63.8 MPH)
Bottom of the 5th over - 2 runs, 2 hits, 0 errors, 0 left on base; Yarmouth-Dennis 0 - Harwich 2
TOP OF THE 6TH
Yarmouth-Dennis Red Sox batting - Pitching for Harwich Mariners : LHP Chris Clary
Batting: RHB David Saur 0-0: Ball
1-0: Ball
2-0: Foul Ball, location: 2F
2-1: Ball
3-1: Base on Balls
Batting: LHB Devin Chapman 0-0: Called Strike
0-1: Called Strike
0-2: Ball
1-2: Foul Ball, location: 2F
1-2: Foul Ball, location: 2F
1-2: Ball
2-2: Fielders Choice at 2nd, 4-6 (Groundball, 34, EV 102.5 MPH)
Batting: LHB Alex Cain 0-0: Foul Ball, location: 2F
0-1: Called Strike
0-2: Ball
1-2: Ball
2-2: Strikes out swinging
Batting: LHB Montell Johnson 0-0: Ball
1-0: Foul Ball, location: 2F
1-1: Fielders Choice at 2nd, 5-4 (Groundball, 5, EV 102.5 MPH)
Top of the 6th over - 0 runs, 0 hits, 0 errors, 1 left on base; Yarmouth-Dennis 0 - Harwich 2
BOTTOM OF THE 6TH
Harwich Mariners batting - Pitching for Yarmouth-Dennis Red Sox : RHP Peter Swoffer
Batting: RHB Holden Vaughn 0-0: Foul Ball, location: 2F
0-1: Ball
1-1: Ball
2-1: Ball
3-1: Foul Ball, location: 2F
3-2: Foul Ball, location: 2F
3-2: Strikes out swinging
Pitching: RHP Kyle Bumpus
Batting: LHB Logan Morgan 0-0: Ball
1-0: Ball
2-0: Ball
3-0: Base on Balls
Batting: RHB R.J. Kroll 0-0: Ball
Logan Morgan steals 2nd base
1-0: Foul Ball, location: 2F
1-1: Ball
Wild Pitch!
Logan Morgan to third
2-1: 2-RUN HOME RUN (Flyball, 8RXD, EV 110.6 MPH), Distance : 445 ft
Batting: RHB Maxwell Lee 0-0: Ball
1-0: Ball
2-0: Called Strike
2-1: Ball
3-1: Swinging Strike
3-2: SINGLE (Groundball, 56D, EV 102.5 MPH)
Batting: RHB Austin Sarpong 0-0: Ball
1-0: Called Strike
1-1: Ball
2-1: Called Strike
2-2: Ball
3-2: DOUBLE (Line Drive, 78D, EV 97.5 MPH)
Maxwell Lee to third
Batting: LHB Charlie Loos 0-0: Ball
1-0: Called Strike
1-1: Foul Ball, location: 2F
1-2: Fly out, F8 (Flyball, 8LD, EV 107.5 MPH)
Runner from 3rd tags up, SCORES, throw by CF
Austin Sarpong to third
Pitching: RHP Robert Ashton
Batting: SHB Jesse Wayland 0-0: Foul Ball, location: 2F
0-1: Ball
1-1: Ball
2-1: Ball
3-1: Base on Balls
Batting: LHB Alec Nelson 0-0: Ball
1-0: SINGLE (Flyball, 78S, EV 93.1 MPH)
Austin Sarpong scores
Jesse Wayland to second
Runner from 2nd tries for 3rd, SAFE, throw by LF made to third
Batting: RHB Terry Rowland 0-0: Fielders Choice at 2nd, 6-4 (Groundball, 6, EV 86.2 MPH)
Bottom of the 6th over - 4 runs, 4 hits, 0 errors, 2 left on base; Yarmouth-Dennis 0 - Harwich 6
TOP OF THE 7TH
Yarmouth-Dennis Red Sox batting - Pitching for Harwich Mariners : LHP Chris Clary
Pitching: RHP Reece Terry
Batting: RHB Riley Wagoner 0-0: Ball
1-0: SINGLE (Flyball, 89S, EV 90.0 MPH)
Batting: LHB Sebastian Rogan 0-0: Ball
1-0: Ball
2-0: Called Strike
2-1: Fly out, F5 (Popup, 5, EV 78.1 MPH)
Batting: RHB Lon McQuagge 0-0: Called Strike
0-1: Ball
1-1: Called Strike
1-2: Strikes out swinging
Batting: RHB Lucas Plouffe 0-0: Fielders Choice at 2nd, U6 (Groundball, 4MD, EV 81.2 MPH)
Top of the 7th over - 0 runs, 1 hit, 0 errors, 1 left on base; Yarmouth-Dennis 0 - Harwich 6
BOTTOM OF THE 7TH
Harwich Mariners batting - Pitching for Yarmouth-Dennis Red Sox : RHP Robert Ashton
Batting: RHB Holden Vaughn 0-0: Ball
1-0: Swinging Strike
1-1: SINGLE (Line Drive, 78M, EV 93.8 MPH)
Batting: LHB Logan Morgan 0-0: Ball
1-0: Ball
2-0: Called Strike
2-1: Grounds out, U3 (Groundball, 3L, EV 98.1 MPH)
Batting: RHB R.J. Kroll 0-0: Ball
1-0: Called Strike
1-1: Fly out, F7 (Line Drive, 7, EV 101.9 MPH)
Batting: RHB Maxwell Lee 0-0: Called Strike
0-1: Called Strike
0-2: Fly out, F9 (Flyball, 9LD, EV 108.8 MPH)
Bottom of the 7th over - 0 runs, 1 hit, 0 errors, 1 left on base; Yarmouth-Dennis 0 - Harwich 6
TOP OF THE 8TH
Yarmouth-Dennis Red Sox batting - Pitching for Harwich Mariners : RHP Reece Terry
Batting: RHB Rob Stylianou 0-0: SOLO HOME RUN (Flyball, 8LXD, EV 115.6 MPH), Distance : 461 ft
Batting: RHB David Saur 0-0: Ball
1-0: Ball
2-0: Ball
3-0: Called Strike
3-1: Base on Balls
Batting: LHB Devin Chapman 0-0: Foul Ball, location: 2F
0-1: Called Strike
0-2: Foul Ball, location: 2F
0-2: Foul Ball, location: 2F
0-2: Ball
1-2: Fly out, F7 (Flyball, 7D, EV 103.1 MPH)
Batting: LHB Alex Cain 0-0: Swinging Strike
0-1: Foul Ball, location: 2F
0-2: Foul Ball, location: 2F
0-2: Fly out, F6 (Line Drive, 4M, EV 60.0 MPH)
Batting: LHB Montell Johnson 0-0: Ball
1-0: Called Strike
1-1: Called Strike
1-2: Strikes out swinging
Top of the 8th over - 1 run, 1 hit, 0 errors, 1 left on base; Yarmouth-Dennis 1 - Harwich 6
BOTTOM OF THE 8TH
Harwich Mariners batting - Pitching for Yarmouth-Dennis Red Sox : RHP Robert Ashton
Batting: RHB Austin Sarpong 0-0: Ball
1-0: Ground out 4-3 (Groundball, 4M, EV 80.0 MPH)
Batting: LHB Charlie Loos 0-0: Ball
1-0: SINGLE (Groundball, 4MD, EV 106.2 MPH)
Batting: SHB Jesse Wayland 0-0: Called Strike
Charlie Loos steals 2nd base
0-1: Ball
1-1: Ball
2-1: Called Strike
2-2: Foul Ball, location: 2F
2-2: Foul Ball, location: 2F
2-2: Foul Ball, location: 2F
2-2: Strikes out looking
Batting: LHB Alec Nelson 0-0: Called Strike
0-1: Ball
1-1: Swinging Strike
1-2: Ball
2-2: Ball
3-2: Strikes out swinging
Bottom of the 8th over - 0 runs, 1 hit, 0 errors, 1 left on base; Yarmouth-Dennis 1 - Harwich 6
TOP OF THE 9TH
Yarmouth-Dennis Red Sox batting - Pitching for Harwich Mariners : RHP Reece Terry
Batting: RHB Riley Wagoner 0-0: Called Strike
0-1: Ball
1-1: Ball
2-1: Called Strike
2-2: Strikes out swinging
Batting: LHB Sebastian Rogan 0-0: SOLO HOME RUN (Flyball, 89XD, EV 113.1 MPH), Distance : 434 ft
Batting: RHB Lon McQuagge 0-0: Ball
1-0: Called Strike
1-1: Ground out 1-3 (Groundball, 34S, EV 73.8 MPH)
Batting: RHB Lucas Plouffe 0-0: Ball
1-0: Fly out, F9 (Flyball, 89M, EV 85.0 MPH)
Top of the 9th over - 1 run, 1 hit, 0 errors, 0 left on base; Yarmouth-Dennis 2 - Harwich 6
Tuesday, April 16th , 2024 - OOTP Baseball 23.10 Build 110